 Dungeon Crawl Stone Soup version 0.26-a0-612-gd4d190f45e (webtiles) character file.

Game seed: 3002746573830462738

129 DogServant the Bolt Thrower (level 5, 0/46 HPs)
             Began as a Kobold Arcane Marksman on Sept 10, 2020.
             Succumbed to a gnoll's poison
             ... on level 2 of the Dungeon.
             The game lasted 00:15:02 (1928 turns).

DogServant the Bolt Thrower (KoAM)                  Turns: 1928, Time: 00:15:03

Health: 0/46       AC: 22    Str:  9    XL:     5   Next: 35%
Magic:  7/7        EV:  3    Int: 14    God:
Gold:   71         SH:  0    Dex: 15    Spells: 3/6 levels left

rFire    . . .     SeeInvis .   a - +0 hand crossbow
rCold    . . .     Faith    .   (shield restricted)
rNeg     + + +     Spirit   .   (armour currently unavailable)
rPois    +         Reflect  .   (helmet currently unavailable)
rElec    .         Harm     .   (cloak currently unavailable)
rCorr    .         NoTele   +   (gloves currently unavailable)
MR       .....                  (boots currently unavailable)
Stlth    ++........             (no amulet)
HPRegen  0.15/turn              (no ring)
MPRegen  0.10/turn              (no ring)

@: lethally poisoned (0 -> -4), tree-form
A: small, nightstalker 3
a: no special abilities


You were on level 2 of the Dungeon.
You were a tree.
You visited 1 branch of the dungeon, and saw 2 of its levels.

You collected 71 gold pieces.

Inventory:

Hand Weapons
 a - a +0 hand crossbow (weapon)
 c - a +1 dagger of venom
Missiles
 d - 26 bolts (quivered)
Armour
 e - a +0 robe
 j - a +0 helmet
 k - a +0 animal skin (melded)
Scrolls
 f - a scroll of magic mapping
 g - a scroll of remove curse


   Skills:
 + Level 2.7 Fighting
 + Level 2.3 Short Blades
 * Level 4.4 Crossbows
 - Level 2.4 Dodging
 - Level 1.4 Spellcasting
 - Level 3.2 Hexes


You had 3 spell levels left.
You knew the following spells:

 Your Spells              Type           Power        Failure   Level
a - Corona                Hex            #......      7%          1
b - Slow                  Hex            #.......     11%         2

Your spell library contained the following spells:

 Spells                   Type           Power        Failure   Level
 Inner Flame              Hex/Fire       #.......     36%         3
 Portal Projectile        Hex/Tloc       #.....       36%         3
 Cause Fear               Hex            #.........   56%         4
 Leda's Liquefaction      Hex/Erth       #.........   78%         4


Dungeon Overview and Level Annotations

Branches:
Dungeon (2/15)

Altars:


Innate Abilities, Weirdness & Mutations

You are small and have problems with some larger weapons.
You are completely attuned to the shadows.


Message History

* * * LOW HITPOINT WARNING * * *
You feel sick. The gnoll hits you but does no damage.
The gnoll barely misses you.
* * * LOW HITPOINT WARNING * * *
You feel sick. The gnoll hits you but does no damage.
The gnoll barely misses you.
Firing (i - inventory)
d - 28 bolts (quivered)
Press: ? - help, Shift-Dir - straight line, f - gnoll
Aim: a gnoll, wielding a +0 halberd of venom You shoot a bolt.
The bolt hits the gnoll!
The gnoll is severely wounded.
* * * LOW HITPOINT WARNING * * *
You feel sick. The gnoll barely misses you.
The gnoll hits you but does no damage.
Firing (i - inventory)
d - 27 bolts (quivered)
Press: ? - help, Shift-Dir - straight line, f - gnoll, p - gnoll
Aim: a gnoll, wielding a +0 whip (severely wounded)
You shoot a bolt. The bolt hits the gnoll!
You kill the gnoll!
You die...

#####.)###..
≈#^.###.###########
..........^
.≈........g.g.g..g.
#####......
.....^.#.#.#########
### #......
≈.≈≈...#.#.# ..#
#.≈##.^ .#^≈.#......##
..# #.§^≈#
^≈##.#.....[...
..###..#.^^
§#^≈≈..........
....#.#≈..≈
^≈≈≈##........$
....#.#.§#
#...♣)g.....###
....#.#..#.
######......#
........... #......#
.........## ##.#.#.
.........# #....#
.........# #....#
####.....# #....#
......#..### #....#
#######....#######....#


You could see a gnoll.

Vanquished Creatures
  Terence (D:1)
  Natasha (D:2)
  Robin (D:2)
  3 gnolls (D:2)
  An adder (D:2)
  A giant cockroach (D:1)
  10 goblins
  4 hobgoblins
  3 jackals (D:1)
  2 frilled lizards (D:1)
  2 kobolds
  4 rats (D:1)
33 creatures vanquished.

Notes
Turn   | Place    | Note
-------+----------+-------------------------------------------
     0 | D:1      | DogServant the Kobold Arcane Marksman began the quest for
                  | the Orb.
     0 | D:1      | Reached XP level 1. HP: 12/12 MP: 2/2
   234 | D:1      | Reached XP level 2. HP: 16/16 MP: 3/3
   955 | D:2      | Noticed Natasha
   965 | D:2      | Killed Natasha
   965 | D:2      | Reached skill level 1 in Short Blades
   965 | D:2      | Reached skill level 3 in Crossbows
   965 | D:2      | Reached XP level 3. HP: 4/21 MP: 5/5
  1197 | D:2      | Learned a level 2 spell: Slow
  1272 | D:2      | Reached XP level 4. HP: 19/26 MP: 6/6
  1383 | D:2      | Noticed Terence
  1476 | D:1      | Killed Terence
  1603 | D:2      | Reached skill level 4 in Crossbows
  1619 | D:2      | Noticed Robin
  1726 | D:2      | Killed Robin
  1726 | D:2      | Reached XP level 5. HP: 23/31 MP: 4/7
  1923 | D:2      | HP: 2/46 [poisoned by a gnoll]
  1928 | D:2      | Succumbed to a gnoll's poison

Illustrated notes

Levels and vault maps discovered:
D:1:      psy_arrival_conway, layout_basic
D:2:      layout_basic, grunt_qazlal_sundering, uniq_natasha, uniq_terence,
          uniq_robin

Skill      XL: |  1  2  3  4 |
---------------+-------------+-----
Fighting       | 2 |  2.7
Short Blades   | 1 2 |  2.3
Crossbows      | 3 4 |  4.4
Dodging        | |  2.4
Spellcasting   | |  1.4
Hexes          | |  3.2

Action                   |  1- 3 |  4- 6 || total
-------------------------+-------+-------++-------
Melee: Hand crossbow     |     8 |       ||     8
       Dagger            |    16 |    43 ||    59
       Unarmed           |       |     1 ||     1
 Fire: Hand crossbow     |    23 |     7 ||    30
 Cast: Slow              |       |     4 ||     4
Evoke: Wand              |       |     1 ||     1
  Use: Scroll            |       |     3 ||     3
 Stab: Sleeping          |     2 |       ||     2
Armor: Robe              |     8 |     3 ||    11
       Skin              |       |     2 ||     2
Dodge: Dodged            |    29 |    37 ||    66

Table legend: (Time is in decaauts)
 A = Elapsed time spent in this place.
 B = Non-inter-level travel time spent in this place.
 C = Inter-level travel time spent in this place.
 D = Time resting spent in this place.
 E = Time spent auto-exploring this place.
 F = Levels seen in this place.
 G = Mean time per level.
                   A        B        C        D        E       F      G
               +--------+--------+--------+--------+--------+-----+--------+
         Total |   1918 |   1895 |     23 |    440 |   1071 |   2 |  959.0 |
       Dungeon |   1918 |   1895 |     23 |    440 |   1071 |   2 |  959.0 |
               +--------+--------+--------+--------+--------+-----+--------+

Top non-repeatable levels by time:
     D:1: 1045 daAuts
     D:2: 872 daAuts
